 Dungeon Crawl Stone Soup version 0.27-a0-1184-ge86db4a01e (webtiles) character file.

Game seed: 2732191032514330469

2907 Armakuni the Comforter (level 10, -9/80 HPs)
             Began as a Human Gladiator on May 18, 2021.
             Was a Follower of Elyvilon.
             Mangled by a slime creature (11 damage)
             ... on level 8 of the Dungeon.
             The game lasted 00:18:52 (10460 turns).

Armakuni the Comforter (Human Gladiator)           Turns: 10460, Time: 00:18:52

Health: -9/80      AC:  9    Str: 17    XL:     10   Next: 6%
Magic:  14/16      EV: 10    Int: 10    God:    Elyvilon [*.....]
Gold:   100        SH:  0    Dex: 14    Spells: 9/9 levels left

rFire    . . .     SeeInvis .   a - +2 quarterstaff
rCold    . . .     Faith    +   (shield currently unavailable)
rNeg     . . .     Spirit   .   j - +0 scale mail
rPois    .         Reflect  .   b - +0 helmet
rElec    .         Harm     .   (no cloak)
rCorr    .         Rampage  .   (no gloves)
Will     .....                  f - +1 pair of boots
Stlth    ..........             U - amulet of faith
HPRegen  0.23/turn              (no ring)
MPRegen  0.15/turn              (no ring)

@: no status effects
A: no striking features
a: Renounce Religion, Lesser Healing, Divine Protection


You were on level 8 of the Dungeon.
You worshipped Elyvilon.
Elyvilon was aware of your devotion.
You visited 2 branches of the dungeon, and saw 9 of its levels.

You collected 329 gold pieces.
You spent 229 gold pieces at shops.

Inventory:

Hand Weapons
 a - a +2 quarterstaff (weapon)
Missiles
 i - 24 poisoned darts (quivered)
Armour
 b - a +0 helmet (worn)
 f - a +1 pair of boots (worn)
 j - a +0 scale mail (worn)
 m - a +2 chain mail of willpower
 r - a +0 buckler
Jewellery
 c - a ring of fire
 h - an amulet of guardian spirit
 U - an amulet of faith (around neck)
Scrolls
 g - 2 scrolls of vulnerability
 l - a scroll of noise
 q - a scroll of fog
 s - a scroll of fear {unknown}
Potions
 d - a potion of cancellation
 e - a potion of brilliance
 k - 2 potions of magic
 n - a potion of curing
 o - 2 potions of flight
 p - a potion of attraction


   Skills:
 - Level 7.8 Fighting
 - Level 8.2 Staves
 - Level 2.0 Throwing
 - Level 3.0 Dodging
 + Level 8.3 Invocations


You had 9 spell levels left.
You didn't know any spells.
Your spell library contained the following spells:

 Spells                   Type           Power      Damage    Failure   Level
 Sandblast                Erth           0%         2d4       80%         1
 Summon Small Mammal      Summ           0%         N/A       80%         1
 Call Imp                 Summ           0%         N/A       91%         2
 Passwall                 Tmut/Erth      0%         N/A       91%         2
 Call Canine Familiar     Summ           0%         N/A       99%         3
 Confusing Touch          Hex            0%         N/A       99%         3
 Gell's Gravitas          Tloc           0%         N/A       99%         3
 Stone Arrow              Conj/Erth      0%         3d7       99%         3
 Summon Guardian Golem    Hex/Summ       0%         N/A       99%         3
 Petrify                  Tmut/Erth      0%         N/A       100%        4
 Summon Ice Beast         Ice/Summ       0%         N/A       100%        4
 Summon Lightning Spire   Summ/Air       0%         N/A       100%        4
 Lee's Rapid Deconstruct  Erth           0%         3d5*      100%        5
 Metabolic Englaciation   Hex/Ice        0%         N/A       100%        5
 Yara's Violent Unravell  Hex/Tmut       0%         3d3       100%        5


Dungeon Overview and Level Annotations

Branches:
Dungeon (8/15)             Temple (1/1) D:6
   Lair: D:8-11

Altars:
Ashenzari
Cheibriados
Dithmenos
Elyvilon
Fedhas
Gozag
Kikubaaqudgha
Makhleb
Nemelex Xobeh
Okawaru
Qazlal
Ru
Sif Muna
Trog
Uskayaw
Vehumet
Wu Jian
Xom
Zin
The Shining One

Shops:
D:7 ((?(!


Message History

The slime creature hits you.
The kobold brigand hits you with a +0 short sword.
You sock the slime creature!
The slime creature is moderately wounded.
The slime creature hits you!
You sock the slime creature!
The slime creature is heavily wounded.
The kobold brigand barely misses you.
The slime creature hits you but does no damage.
You barely miss the slime creature.
The slime creature is heavily wounded.
The kobold brigand hits you with a +0 short sword.
The slime creature closely misses you.
You thump the kobold brigand!
You kill the kobold brigand!
You hit the slime creature.
The slime creature is heavily wounded.
The slime creature hits you!
You are too injured to fight recklessly!
You are too injured to fight recklessly!
You are healed.
The slime creature misses you.
You are healed.
The slime creature hits you!
You are healed.
The slime creature barely misses you.
You thump the slime creature!
The slime creature is heavily wounded.
The slime creature hits you!
You completely miss the slime creature.
The slime creature is heavily wounded.
You hit the slime creature.
The slime creature is heavily wounded.
The slime creature hits you!
* * * LOW HITPOINT WARNING * * *
You hit the slime creature.
The slime creature is severely wounded.
The slime creature hits you!
* * * LOW HITPOINT WARNING * * *
You barely miss the slime creature.
The slime creature is severely wounded.
The slime creature hits you!
You die...

####.#......#
..####......#
.######.....###
...##.......#.#
.#.#..........###
.#.##..#........#
#......########.####
....#...# #..#.#..#
..###...# #...#@..#
..# #..... ####J####
.## #..... #.#.# .#
#.. . ##.## .# #.K
.# .o.. ## #..J. #.
#.$.. .. #....


You could see a slime creature.

Vanquished Creatures
  4 yaks
  2 steam dragons (D:5)
  An ice beast (D:7)
  2 black bears
  An orc warrior (D:7)
  2 ogres (D:5)
  2 sky beasts
  A necrophage (D:7)
  2 centaurs
  A phantom (D:6)
  A kobold brigand (D:8)
  2 bullfrogs
  A wyvern zombie (D:8)
  A scorpion (D:5)
  4 howler monkeys
  2 hounds
  A jelly (D:5)
  2 orc priests (D:8)
  A gnoll shaman (D:2)
  A centaur skeleton (D:7)
  2 iguanas (D:5)
  4 orc wizards
  8 gnolls
  4 adders
  2 shadow imps
  A white imp (D:5)
  An ufetubus (D:5)
  4 dart slugs
  18 orcs
  6 ball pythons
  6 bats
  5 endoplasms
  5 goblins
  6 hobgoblins
  2 jackals (D:3)
  A quokka (D:2)
  2 frilled lizards
  2 kobolds (D:2)
  5 rats
118 creatures vanquished.

Vanquished Creatures (others)
  8 fungi (D:5)
  A plant (D:8)
  4 toadstools (D:1)
13 creatures vanquished.

Grand Total: 131 creatures vanquished

Notes
Turn   | Place    | Note
-------+----------+-------------------------------------------
     0 | D:1      | Armakuni the Human Gladiator began the quest for the Orb.
     0 | D:1      | Reached XP level 1. HP: 16/16 MP: 1/1
   207 | D:1      | Reached XP level 2. HP: 21/22 MP: 2/2
   402 | D:1      | Found a faded altar of an unknown god.
   902 | D:2      | Reached XP level 3. HP: 26/28 MP: 3/3
  1431 | D:2      | Reached XP level 4. HP: 35/35 MP: 4/4
  1701 | D:2      | Reached XP level 5. HP: 34/42 MP: 5/5
  2073 | D:3      | Found an ancient bone altar of Kikubaaqudgha.
  2076 | D:3      | Found an opulent altar of Gozag.
  3237 | D:3      | Found a sparkling altar of Nemelex Xobeh.
  3669 | D:4      | Reached XP level 6. HP: 40/48 MP: 6/6
  4238 | D:4      | Found a shimmering altar of Xom.
  4238 | D:4      | Found an ornate altar of the Wu Jian Council.
  4432 | D:5      | Entered Level 5 of the Dungeon
  4452 | D:5      | Noticed an ogre
  4464 | D:5      | Reached skill level 5 in Staves
  4474 | D:5      | Killed an ogre
  4729 | D:5      | Reached skill level 5 in Fighting
  4729 | D:5      | Reached XP level 7. HP: 48/56 MP: 7/7
  5703 | D:5      | Found a sacrificial altar of Ru.
  5818 | D:5      | Noticed a steam dragon
  5835 | D:5      | Noticed a steam dragon
  5841 | D:5      | Killed a steam dragon
  5842 | D:5      | Reached XP level 8. HP: 10/64 MP: 8/8
  7561 | D:6      | Found a staircase to the Ecumenical Temple.
  7566 | Temple   | Entered the Ecumenical Temple
  7798 | Temple   | Became a worshipper of Elyvilon the Healer
  8119 | D:7      | Found Zudgho's Distillery.
  8130 | D:7      | Bought a potion of heal wounds for 60 gold pieces
  8130 | D:7      | Bought a potion of flight for 36 gold pieces
  8130 | D:7      | Bought a potion of attraction for 36 gold pieces
  8268 | D:7      | Found Oqekarilil's Magic Scroll Emporium.
  8274 | D:7      | Reached * piety under Elyvilon
  8291 | D:7      | Found Pukac's Antique Weapon Emporium.
  8292 | D:7      | Found Itududism's Antique Weapon Emporium.
  8293 | D:7      | Found Veuliot's Antique Weapon Emporium.
  8362 | D:7      | Reached XP level 9. HP: 30/73 MP: 9/9
  8705 | D:7      | Found a bloodstained altar of Trog.
  9356 | D:8      | Reached skill level 5 in Invocations
  9852 | D:7      | Bought a scroll of enchant weapon for 97 gold pieces
 10260 | D:7      | Reached XP level 10. HP: 49/80 MP: 11/16
 10459 | D:8      | HP: 2/80 [slime creature (14)]
 10460 | D:8      | Mangled by a slime creature

Illustrated notes

Levels and vault maps discovered:
D:1:      ldierk_water_garden, layout_basic, shapermc_ecumenical_altar_venn
D:2:      layout_rooms, patterned_corridor
D:3:      layout_loops_ring, marbit_many_paths, nicolae_overflow_hidden_temple,
          serial_co_window_serial, co_window_of_opportunity_a,
          co_window_corner_a, co_window_corner_a, co_window_corner_a,
          co_window_paths_a, co_window_broadway_a, co_window_corner_ca,
          co_window_corner_b, co_window_of_opportunity_c, glass_columns_a,
          glass_columns_b
D:4:      layout_gridville, chequers_temple_overflow_statue_of_worship,
          nrook_campfire, dk_noncrumbling_4, nrook_uturn
D:5:      kennysheep_steamy, layout_basic, nicolae_ru_great_annihilating_truth,
          kennysheep_generic_room_5
D:6:      layout_cave_pods, minmay_temple_entry_drinking_statues
D:7:      layout_rooms, amcnicky_altar_gilded, serial_shops, nicolae_shop_stone,
          minmay_shop_grid_forest, minivault_4
D:8:      layout_cave_pools, nicolae_zen_rock_garden, serial_bayou_pond_d,
          skrybe_limestone_x, wad_rectangle_vault
Temple:   nicolae_temple_figure_eight

Skill      XL: |  1  2  3  4  5  6  7  8  9 |
---------------+----------------------------+-----
Fighting       | 3 4 5 6 7 |  7.8
Staves         | 4 5 6 8 |  8.2
Invocations    | 8 |  8.3
Throwing       | |  2.0
Dodging        | |  3.0

Action                   |  1- 3 |  4- 6 |  7- 9 | 10-12 || total
-------------------------+-------+-------+-------+-------++-------
Melee: Quarterstaff      |    59 |   118 |   352 |    28 ||   557
Throw: Throwing net      |     1 |     2 |       |       ||     3
       Dart              |       |     3 |     9 |       ||    12
Invok: Lesser Healing    |       |       |    37 |     6 ||    43
  Use: Scroll            |     3 |     5 |     9 |       ||    17
       Potion            |       |     1 |     9 |       ||    10
 Stab: Sleeping          |     2 |       |       |       ||     2
       Held in net/web   |     1 |     1 |       |       ||     2
       Invisible         |       |       |     4 |       ||     4
       Paralysed         |       |       |     2 |       ||     2
Armor: Leather armour    |    19 |    21 |       |       ||    40
       Scale mail        |       |     2 |   176 |     6 ||   184
Dodge: Dodged            |    44 |    70 |   180 |     8 ||   302

Table legend: (Time is in decaauts)
 A = Elapsed time spent in this place.
 B = Non-inter-level travel time spent in this place.
 C = Inter-level travel time spent in this place.
 D = Time resting spent in this place.
 E = Time spent auto-exploring this place.
 F = Levels seen in this place.
 G = Mean time per level.
                   A        B        C        D        E       F      G
               +--------+--------+--------+--------+--------+-----+--------+
         Total |  10454 |  10125 |    329 |   2504 |   5810 |   9 | 1161.6 |
       Dungeon |  10193 |   9915 |    278 |   2504 |   5603 |   8 | 1274.1 |
        Temple |    260 |    209 |     51 |      0 |    207 |   1 |  260.0 |
               +--------+--------+--------+--------+--------+-----+--------+

Top non-repeatable levels by time:
     D:5: 1848 daAuts
     D:3: 1522 daAuts
     D:4: 1392 daAuts
     D:7: 1365 daAuts
     D:6: 1304 daAuts
     D:2: 1045 daAuts
     D:1: 884 daAuts
     D:8: 832 daAuts
  Temple: 260 daAuts
